 Dungeon Crawl Stone Soup version 0.31-a0-210-gccc998df9b (webtiles) character file.

Game seed: 11951748789577514917

61 qw the Shooter (level 4, -1/26 HPs)
             Began as a Gargoyle Hexslinger on June 30, 2023.
             Slain by an orc
             ... wielding a +0 trident
              (6 damage)
             ... on level 2 of the Dungeon.
             The game lasted 00:00:34 (1191 turns).

qw the Shooter (Gargoyle Hexslinger)                Turns: 1191, Time: 00:00:34

Health: -1/26      AC:  8    Str: 12    XL:     4   Next: 7%
Magic:  5/5        EV: 10    Int: 13    God:
Gold:   87         SH:  0    Dex: 14    Spells: 4/5 levels left

rFire   . . .        Y - +1 sling
rCold   . . .        (no shield)
rNeg    + . .        h - +0 ring mail
rPois   inf          (no helmet)
rElec   +            (no cloak)
rCorr   .            (no gloves)
SInv    .            (no boots)
Will    .....        (no amulet)
Stlth   +            (no ring)
HPRegen 0.24/turn    (no ring)
MPRegen 0.09/turn

%: no passive effects
@: no status effects
A: sickness immunity, AC +3, negative energy resistance 1, electricity
resistance, torment resistance 1, petrification resistance
a: no special abilities


You were on level 2 of the Dungeon.
You visited 1 branch of the dungeon, and saw 2 of its levels.

You collected 87 gold pieces.


Innate Abilities, Weirdness & Mutations

You are immune to sickness and miasma.
Your stone body is resilient. (AC +3)
You are immune to poison.
You resist negative energy. (rN+)
You are resistant to electric shocks. (rElec)
You are resistant to unholy torment.
You are immune to petrification.


   Skills:
 - Level 2.3 Fighting
 + Level 3.7 Ranged Weapons
 - Level 1.5 Dodging
 - Level 1.0 Spellcasting
 - Level 2.6 Hexes


You had 4 spell levels left.
You knew the following spells:

 Your Spells              Type           Power      Damage    Failure   Level
a - Slow                  Hex            28%        N/A       22%         1

Your spell library contained the following spells:

 Spells                   Type           Power      Damage    Failure   Level
 Inner Flame              Hex/Fire       4%         N/A       73%         3
 Portal Projectile        Hex/Tloc       8%         N/A       73%         3
 Cause Fear               Hex            3%         N/A       91%         4

Inventory:

Hand Weapons
 Y - a +1 sling (weapon)
Armour
 h - a +0 ring mail (worn)
Jewellery
 a - a +4 ring of protection
Potions
 i - a potion of heal wounds {unknown}

Dungeon Overview and Level Annotations

Branches:
Dungeon (2/15)

Altars:
Uskayaw

Annotations:
D:2 1 runed translucent door, Crazy Yiuf


Message History

The adder barely misses you. The orc misses you.
You shoot a sling bullet.
The sling bullet hits the adder but does no damage.
The adder barely misses you. The goblin hits you but does no damage.
The orc hits you but does no damage. The adder closely misses you.
The goblin hits you but does no damage.
The orc hits you from afar with a +0 trident.
You shoot a sling bullet.
The sling bullet barely misses the adder.
The adder bites you but does no damage. The goblin hits you but does no damage.
The orc hits you from afar with a +0 trident.
The adder bites you.
You shoot a sling bullet. The sling bullet hits the adder.
The adder is heavily wounded.
The adder bites you. The goblin hits you with a +0 club.
The orc closely misses you. The adder bites you but does no damage.
You shoot a sling bullet. The sling bullet hits the adder!
You kill the adder!
The goblin hits you but does no damage. The orc hits you but does no damage.
The orc barely misses you. The goblin hits you but does no damage.
You have reached level 4!
You feel stronger.
You shoot a sling bullet. The sling bullet hits the goblin.
You kill the goblin!
The bat hits you but does no damage. The orc hits you but does no damage.
The bat closely misses you.
You shoot a sling bullet.
The sling bullet hits the bat but does no damage.
The bat hits you but does no damage. The orc misses you.
The orc hits you from afar with a +0 trident.
You shoot a sling bullet.
The sling bullet closely misses the bat.
The bat hits you but does no damage. The orc barely misses you.
You shoot a sling bullet.
The sling bullet closely misses the bat.
The bat hits you but does no damage. The orc barely misses you.
You shoot a sling bullet. The sling bullet hits the orc.
The orc is almost dead.
The bat hits you but does no damage.
The orc hits you from afar with a +0 trident.
You die...

...##...#
.....##..######.#
......##........#
.......##.#######
........#.#
........#.#
7....o..#.#
.......)'.#
.).....@'.#
7.....b.#.#
........#[#
.....%..#.#
.......##.#
..)...# ..#
.....# .## ###
....# ..#


You could see an orc and a bat.

Vanquished Creatures
  2 adders (D:2)
  A worm (D:2)
  6 ball pythons
  A bat (D:1)
  4 endoplasms
  2 giant cockroaches
  4 goblins
  5 hobgoblins
  4 jackals (D:2)
  3 kobolds
  A quokka (D:1)
  A frilled lizard (D:1)
  2 rats
36 creatures vanquished.

Notes
Turn   | Place    | Note
-------+----------+-------------------------------------------
     0 | D:1      | qw the Gargoyle Hexslinger began the quest for the Orb.
     0 | D:1      | Reached XP level 1. HP: 12/12 MP: 2/2
     0 | D:1      | 0 ||| qw: Version: 0.3-a-26-gee661ec
     0 | D:1      | 0 ||| qw: Game counter: 7155
     0 | D:1      | 0 ||| qw: Melee chars always use a shield: true
     0 | D:1      | 0 ||| qw: God list: Okawaru
     0 | D:1      | 0 ||| qw: Allow faded altars: false
     0 | D:1      | 0 ||| qw: Do Orc after clearing Dungeon:15 true
     0 | D:1      | 0 ||| qw: Do second Lair branch before Depths: true
     0 | D:1      | 0 ||| qw: Lair rune preference: random
     0 | D:1      | 0 ||| qw: Goals: Normal
     0 | D:1      | 0 ||| PLANNING D:1-11
   205 | D:1      | Reached XP level 2. HP: 16/16 MP: 3/3
   281 | D:1      | Reached skill level 3 in Ranged Weapons
   690 | D:1      | 690 ||| UPGRADING to +0 leather armour.
   700 | D:1      | 700 ||| DROPPING +0 robe.
   701 | D:1      | 701 ||| UPGRADING to +0 ring mail.
   711 | D:1      | 711 ||| DROPPING +0 leather armour.
   712 | D:1      | 712 ||| READING scroll labelled LEFIGO GENI.
   715 | D:1      | 715 ||| READING scroll labelled KEAZXIYGGY.
   716 | D:1      | 716 ||| READING scroll labelled KEFILA ASTISE.
   817 | D:1      | 817 ||| DROPPING scroll of poison.
   897 | D:2      | Found a runed translucent door.
   898 | D:2      | Noticed Crazy Yiuf
   965 | D:2      | Reached XP level 3. HP: 19/21 MP: 4/4
  1088 | D:2      | Found a hide-covered altar of Uskayaw.
  1185 | D:2      | HP: 5/21 [adder (2)]
  1187 | D:2      | Reached XP level 4. HP: 5/26 MP: 5/5
  1191 | D:2      | Slain by an orc

Levels and vault maps discovered:
D:1:      wander_arrival_peaceful_grave, layout_loops_ring
D:2:      kennysheep_big_flooded_room, layout_basic, basic_altar,
          uniq_crazy_yiuf_cottage

Skill      XL: |  1  2 |
---------------+-------+-----
Ranged Weapons | 3 |  3.7
Fighting       | 2 |  2.3
Dodging        | |  1.5
Spellcasting   | |  1.0
Hexes          | |  2.6

Action                     |  1- 3 |  4- 6 || total
---------------------------+-------+-------++-------
   Fire: Sling             |   159 |     5 ||   164
    Use: Scroll            |     3 |       ||     3
 Armour: Robe              |     5 |       ||     5
         Ring mail         |    43 |     6 ||    49
  Dodge: Dodged            |    71 |     4 ||    75

Table legend:
 A = Non-vault XP
 B = Vault XP
 C = Vault XP percentage of total XP
 D = Non-vault monster count
 E = Vault monster count
 F = Vault count percentage of total count
                 A         B        C        D         E       F
            +---------+---------+-------+---------+---------+-------
      Total |      82 |       6 |   6.8 |      34 |       2 |   5.6
            +---------+---------+-------+---------+---------+-------
        D:1 |      33 |       0 |   0.0 |      19 |       0 |   0.0
        D:2 |      49 |       6 |  10.9 |      15 |       2 |  11.8
            +---------+---------+-------+---------+---------+-------
